 Dungeon Crawl Stone Soup version 0.19.1-1-g22dce08 (webtiles) character file.

102 ricardofg the Magician (level 4, -1/24 HPs)
             Began as a Gargoyle Wizard on Dec 30, 2016.
             Slain by a scorpion (3 damage)
             ... on level 4 of the Dungeon on Dec 31, 2016.
             The game lasted 00:11:02 (3218 turns).

ricardofg the Magician (Gargoyle Wizard)            Turns: 3218, Time: 00:11:02

Health: -1/24      AC:  5    Str: 11    XL:     4   Next: 77%
Magic:  2/10       EV: 12    Int: 19    God:
Gold:   167        SH:  0    Dex:  8    Spells: 3 memorised, 5 levels left

rFire  . . .     SeeInvis .     f - +0 whip
rCold  . . .     Gourm    .     a - +0 robe
rNeg   + . .     Faith    .     (no shield)
rPois  ∞         Spirit   .     b - +0 hat
rElec  +         Reflect  .     (no cloak)
rCorr  .         Harm     .     (no gloves)
MR     .....                    (no boots)
Stlth  ++........               (no amulet)
                                (no ring)
                                (no ring)

@: no status effects
A: negative energy resistance 1, electricity resistance, unbreathing,
petrification resistance, rot immunity, AC +3
a: no special abilities


You were on level 4 of the Dungeon.
You were very hungry.

You visited 1 branch of the dungeon, and saw 4 of its levels.

You collected 167 gold pieces.

Inventory:

Hand Weapons
 f - a +0 whip (weapon)
Armour
 a - a +0 robe (worn)
 b - a +0 hat (worn)
Jewellery
 g - an uncursed ring of ice
 r - a cursed ring of loudness {unknown}
Scrolls
 h - 2 scrolls of teleportation {unknown}
 j - 3 scrolls of identify {unknown}
 l - 2 scrolls of remove curse {unknown}
 n - a scroll of noise {unknown}
 s - 2 scrolls of recharging {unknown}
 u - a scroll of enchant weapon {unknown}
Potions
 e - a potion of flight {unknown}
 i - 2 potions of heal wounds {unknown}
 o - a potion of might {unknown}
 p - a potion of mutation {unknown}
 q - a potion of degeneration {unknown}
Books
 c - a book of Minor Magic

   Spells                             Type                      Level
   a - Magic Dart                     Conjuration                  1
   b - Blink                          Translocation                2
   c - Call Imp                       Summoning                    2
   d - Repel Missiles                 Charms/Air                   2
   e - Slow                           Hexes                        2
   f - Conjure Flame                  Conjuration/Fire             3
   g - Mephitic Cloud                 Conjuration/Poison/Air       3
Comestibles
 d - a bread ration
 k - 3 meat rations
 m - a slice of pizza


   Skills:
 - Level 1.5 Dodging
 - Level 2.1 Stealth
 + Level 4.1 Spellcasting
 + Level 3.4 Conjurations
   Level 0.8 Summonings
   Level 0.8 Translocations


You had 5 spell levels left.
You knew the following spells:

 Your Spells              Type           Power        Failure   Level  Hunger
a - Magic Dart            Conj           ###.         4%          1    None
b - Repel Missiles        Chrm/Air       #.....       21%         2    ##.....
c - Conjure Flame         Conj/Fire      ##......     21%         3    ###....


Dungeon Overview and Level Annotations

Branches:
Dungeon (4/15)
 Temple: D:4-7

Altars:
Dithmenos
Kikubaaqudgha
Ru
Zin


Innate Abilities, Weirdness & Mutations

You are resistant to torment.
Your stone body is resilient. (AC +3)
You are immune to poison.
You resist negative energy. (rN+)
You are resistant to electric shocks. (rElec)
You can survive without breathing.
You are immune to petrification.
You are immune to rotting.


Message History

The scorpion stings you!
* * * LOW HITPOINT WARNING * * *
The scorpion barely misses you. The scorpion barely misses you.
A quokka comes into view.
Your magical contamination has completely faded away.
Found 13 gold pieces.
You barely miss the quokka. The quokka misses you. The scorpion stings you!
* * * LOW HITPOINT WARNING * * *
The quokka closely misses you.
You barely miss the quokka.
The quokka bites you but does no damage.
The scorpion barely misses you.
You closely miss the quokka.
The quokka bites you but does no damage.
The scorpion stings you but does no damage.
You miss the quokka.
The quokka bites you but does no damage.
The scorpion stings you.
You die...

#. #.#.#
#.# #.# ..
#.#.# #.#
#.# ##
#.#.###.#
#.#
#.#.....#
...
#.#######
#.. #l# .#.
#o# # .#
#s# #@# #r#
... .....
.......
.$.......
##.......##
##.....##


You could see a scorpion, an orc, a leopard gecko and a quokka.

Vanquished Creatures
  A worker ant (D:3)
  2 adders (D:2)
  2 oozes
  A dart slug (D:1)
  2 leopard geckos
  An orc (D:3)
  2 giant cockroaches
  3 goblins
  5 hobgoblins
  7 jackals (D:1)
  6 kobolds
  3 quokkas (D:2)
  3 bats
  A frilled lizard (D:1)
  5 rats
44 creatures vanquished.

Notes
Turn   | Place    | Note
-------+----------+-------------------------------------------
     0 | D:1      | ricardofg the Gargoyle Wizard began the quest for the Orb.
     0 | D:1      | Reached XP level 1. HP: 10/10 MP: 4/4
   594 | D:1      | Reached XP level 2. HP: 15/15 MP: 4/6
  1006 | D:1      | Reached XP level 3. HP: 16/19 MP: 8/8
  1698 | D:2      | Found a shadowy altar of Dithmenos.
  1889 | D:2      | Reached XP level 4. HP: 19/24 MP: 2/9
  2185 | D:3      | Found an ancient bone altar of Kikubaaqudgha.
  2408 | D:3      | Reached skill level 4 in Spellcasting
  2620 | D:3      | Learned a level 2 spell: Repel Missiles
  2624 | D:3      | Learned a level 3 spell: Conjure Flame
  2888 | D:3      | Found a glowing silver altar of Zin.
  2962 | D:3      | Found a sacrificial altar of Ru.
  3218 | D:4      | Slain by a scorpion

Skill      XL: |  1  2  3  4 |
---------------+-------------+-----
Conjurations   | 2 3 |  3.4
Spellcasting   | 4 |  4.1
Dodging        | |  1.5
Stealth        | |  2.1
Summonings     | |  0.8
Translocations | |  0.8

Action                   |  1- 3 |  4- 6 || total
-------------------------+-------+-------++-------
Melee: Whip              |    85 |    35 ||   120
 Cast: Magic Dart        |    64 |    36 ||   100
 Stab: Sleeping          |     1 |     1 ||     2
  Eat: Chunk             |     3 |     3 ||     6
Armor: Robe              |    33 |    17 ||    50
Dodge: Dodged            |    54 |    23 ||    77
